 Dungeon Crawl Stone Soup version 0.29-a0-845-g6161e89988 (webtiles) character file.

Game seed: 11892018109133490218

45215 buhh the Epochal (level 14, -6/118 HPs)
             Began as an Octopode Transmuter on July 15, 2022.
             Was an Elder of Cheibriados.
             Mangled by a red ugly thing (31 damage)
             ... on level 13 of the Dungeon.
             The game lasted 00:51:36 (30105 turns).

buhh the Epochal (Octopode Transmuter)             Turns: 30105, Time: 00:51:37

Health: -6/118     AC: 11    Str: 18    XL:     14   Next: 32%
Magic:  20/23      EV: 17    Int: 30    God:    Cheibriados [****..]
Gold:   2146       SH:  0    Dex: 21    Spells: 2/17 levels left

rFire   x . .      SeeInvis +     - Unarmed
rCold   + + +      Faith    .   (shield currently unavailable)
rNeg    . . .      Spirit   .   (helmet currently unavailable)
rPois   +          Reflect  .   x - amulet of the acrobat
rElec   .          Harm     .   d - ring of flight
rCorr   .          Rampage  .   s - ring of wizardry
Will    ++...                   u - ring of see invisible
Stlth   ++........              m - ring of willpower
HPRegen 0.29/turn               (no ring)
MPRegen 0.18/turn               (no ring)
                                (no ring)
                                (no ring)

@: ice-form, flying, very slow
A: freezing attack, boosted hp, almost no armour, amphibious, 8 rings, large,
(camouflage 1), (gelatinous body 1), (nimble swimmer 1), (tentacles)
a: End Transformation, Renounce Religion, Bend Time, Temporal Distortion, Slouch


You were on level 13 of the Dungeon.
You worshipped Cheibriados.
Cheibriados was greatly pleased with you.
You were a creature of crystalline ice.
You visited 3 branches of the dungeon, and saw 20 of its levels.

You collected 2242 gold pieces.
You spent 96 gold pieces at shops.

Inventory:

Missiles
 j - 4 curare-tipped darts
 C - 27 poisoned darts
Jewellery
 d - a ring of flight (left front paw)
 m - a ring of willpower (on tentacle)
 s - a ring of wizardry (right front paw)
 u - a ring of see invisible (on tentacle)
 x - an amulet of the acrobat (around neck)
Wands
 z - a wand of mindburst (10)
 A - a wand of digging (2)
 B - a wand of acid (10)
 E - a wand of flame (13)
Scrolls
 a - 4 scrolls of identify {!d}
 c - 6 scrolls of teleportation {!d!d}
 e - a scroll of poison
 f - a scroll of fog
 g - 4 scrolls of amnesia
 h - 2 scrolls of enchant armour
 l - 3 scrolls of immolation {!r}
 n - 6 scrolls of noise
 w - 3 scrolls of vulnerability
Potions
 b - 3 potions of degeneration
 i - a potion of heal wounds {unknown}
 o - 2 potions of mutation {!q!d}
 q - a potion of magic {!d}
 r - 3 potions of cancellation {!q!d}
 t - 5 potions of brilliance {!d}
 v - a potion of curing {!d}
 y - 2 potions of haste {!q}
 Z - 6 potions of flight


   Skills:
 + Level 10.7 Fighting
 + Level 10.6 Dodging
 - Level 2.0 Stealth
 + Level 10.6 Unarmed Combat
 - Level 2.0 Spellcasting
 - Level 5.0 Conjurations
 * Level 10.6 Transmutations
 - Level 6.0 Ice Magic
 - Level 1.0 Poison Magic
 * Level 12.2 Invocations


You had 2 spell levels left.
You knew the following spells:

 Your Spells              Type           Power      Damage    Failure   Level
a - Beastly Appendage     Tmut           100%       N/A       1%          1
b - Wereblood             Tmut           61%        N/A       1%          2
c - Spider Form           Tmut/Pois      37%        N/A       1%          3
d - Ice Form              Ice/Tmut       51%        N/A       1%          4
g - Irradiate             Conj/Tmut      24%        3d19      3%          5

Your spell library contained the following spells:

 Spells                   Type           Power      Damage    Failure   Level
 Blink                    Tloc           6%         N/A       4%          2
 Sublimation of Blood     Necr           3%         N/A       4%          2
 Petrify                  Tmut/Erth      34%        N/A       3%          4
 Call Canine Familiar     Summ           3%         N/A       10%         3
 Lesser Beckoning         Tloc           3%         N/A       10%         3
 Portal Projectile        Hex/Tloc       6%         N/A       10%         3
 Fulminant Prism          Conj/Hex       9%         3d7       12%         4
 Iskenderun's Mystic Bla  Conj/Tloc      18%        2d6       12%         4
 Leda's Liquefaction      Hex/Erth       1%         N/A       30%         4
 Summon Lightning Spire   Summ/Air       3%         N/A       30%         4
 Lee's Rapid Deconstruct  Erth           1%         3d5*      61%         5
 Manifold Assault         Tloc           3%         N/A       61%         5
 Storm Form               Tmut/Air       17%        N/A       95%         7
 Maxwell's Capacitive Co  Air            1%         ∞         100%        8


Dungeon Overview and Level Annotations

Branches:
Dungeon (13/15) Zot: 40125  Temple (1/1) D:4 Zot: 8465    Lair (6/6) D:8 Zot: 35492
  Snake (0/4) Lair:2        Slime (0/5) Lair:6          Orc (0/2) D:12
  Swamp: Lair:2-4    Shoals: Lair:2-4    Vaults: D:13-14

Altars:
Ashenzari
Cheibriados
Dithmenos
Elyvilon
Fedhas
Gozag
Hepliaklqana
Kikubaaqudgha
Makhleb
Nemelex Xobeh
Okawaru
Qazlal
Ru
Sif Muna
Trog
Uskayaw
Vehumet
Wu Jian
Xom
Yredelemnul
Zin
The Shining One
Jiyva

Shops:
D:7 ?   D:8 [   D:9 [

Annotations:
D:5 exclusion: jelly, Grinder
Lair:1 exclusion: electric eel
Lair:2 2 transporters, exclusions: catoblepas and 1 more exclusion, SirDiesAlot's ghost, journeyman DEEE
Lair:4 exclusion: catoblepas
Lair:5 exclusion: 5 death yaks
Lair:6 exclusion: oklob plant


Innate Abilities, Weirdness & Mutations

You are a creature of crystalline ice.
You have a powerful freezing melee attack.
Your maximum health is increased.
Your armour is entirely melded.
You are incapable of wielding weapons or throwing items.
You cannot wear most types of armour.
You are amphibious.
You can wear up to eight rings at the same time.
((Your skin changes colour to match your surroundings (Stealth+).))
((Your rubbery body absorbs attacks. (AC +1, EV +1)))
((You are camouflaged when in or above water. (Stealth+)))
((You have tentacles for arms and can constrict up to eight enemies at once.))


Message History

You hear the deafening beating of a very distant drum.
You turn into a creature of crystalline ice.
You start resting.
Magic restored.
You start resting.
HP restored.
You start waiting.
You hear the deafening beating of a very distant drum.
You start waiting.
Your transformation is almost over.
You extend your transformation's duration.
You fly upwards.
The red ugly thing punches you!
You are engulfed in flames!!
The fire burns you terribly! The red ugly thing punches you.
You are engulfed in flames!!
The fire burns you terribly!
There is a stone staircase leading down here.
The cyclops throws a large rock.
The large rock completely misses you.
The large rock completely misses the red ugly thing.
The red ugly thing barely misses you.
You fly downwards.
You hear a distant snort.
Hark!
There is a gateway to a gauntlet on this level.
Find the entrance quickly before the gate is sealed!
There is a stone staircase leading up here.
You hit the red ugly thing but do no damage.
The red ugly thing punches you but does no damage.
You pummel the red ugly thing!! You freeze the red ugly thing!
The red ugly thing is severely wounded.
The red ugly thing completely misses you.
You completely miss the red ugly thing.
The red ugly thing is severely wounded.
You hit the red ugly thing. You freeze the red ugly thing.
The red ugly thing is severely wounded.
The red ugly thing punches you!
You are engulfed in flames!!
The fire burns you terribly!
* * * LOW HITPOINT WARNING * * *
You hit the red ugly thing but do no damage.
The red ugly thing is severely wounded.
The red ugly thing punches you.
* * * LOW HITPOINT WARNING * * *
You are engulfed in flames!!
The fire burns you terribly!
You die... ############### ...[...Yu...... ###############

You could see a red ugly thing.

Vanquished Creatures
  4 boulder beetles
  Erolcha (D:9)
  5 hydras
  Erica (D:9)
  8 death yaks (Lair:5)
  2 two-headed ogres
  2 ugly things (D:12)
  2 cyclopes
  2 manticores
  2 black mambas
  A gargoyle (D:10)
  3 rime drakes
  11 cane toads
  An unseen horror (D:12)
  Psyche (D:8)
  3 kobold demonologists
  9 komodo dragons
  2 polar bears
  6 trolls
  A hornet (D:9)
  8 blink frogs
  5 slime creatures (D:12)
  6 wyverns
  A wraith (D:9)
  A shadow (D:9)
  45 yaks
  5 basilisks
  5 steam dragons
  4 vampire mosquitoes (D:11)
  2 nagas (Lair:2)
  2 acid dragons (D:11)
  A swamp worm (Lair:2)
  15 water moccasins
  A sky beast (D:7)
  An orc warrior (D:10)
  5 black bears (Lair:2)
  A centaur (D:7)
  28 wolves
  2 ogres
  5 kobold brigands
  12 bullfrogs
  A scorpion (D:5)
  2 gnoll sergeants
  5 wights
  4 electric eels (D:8)
  4 howler monkeys
  2 gnoll boudas
  4 hounds (D:6)
  A jelly (D:7)
  5 orc priests
  3 iguanas
  13 orc wizards
  26 gnolls
  7 adders
  A shadow imp (D:7)
  17 white imps
  An ufetubus (D:6)
  2 worms (D:3)
  2 dart slugs
  40 orcs
  9 ball pythons
  6 endoplasms
  4 giant cockroaches
  5 goblins
  8 hobgoblins
  3 jackals (D:2)
  3 quokkas
  6 bats
  3 frilled lizards
  24 kobolds
  7 rats
440 creatures vanquished.

Vanquished Creatures (collateral kills)
  An orc (D:7)
1 creature vanquished.

Vanquished Creatures (others)
  A gnoll (D:7)
  An orc (D:6)
  34 fungi
  67 plants
103 creatures vanquished.

Grand Total: 544 creatures vanquished

Notes
Turn   | Place    | Note
-------+----------+-------------------------------------------
     0 | D:1      | buhh the Octopode Transmuter began the quest for the Orb.
     0 | D:1      | Reached XP level 1. HP: 13/13 MP: 3/3
   170 | D:1      | Reached skill level 1 in Stealth
   190 | D:1      | Reached XP level 2. HP: 10/18 MP: 3/5
   364 | D:1      | Reached skill level 1 in Poison Magic
   406 | D:1      | Found a faded altar of an unknown god.
   784 | D:1      | Reached XP level 3. HP: 20/23 MP: 4/6
  1823 | D:2      | Reached XP level 4. HP: 25/29 MP: 5/7
  2850 | D:3      | Reached XP level 5. HP: 29/35 MP: 8/8
  3617 | D:4      | Found a staircase to the Ecumenical Temple.
  3639 | Temple   | Entered the Ecumenical Temple
  3935 | Temple   | Became a worshipper of Cheibriados the Contemplative
  3936 | Temple   | Upgraded the game from 0.29-a0-841-g116ddc6ace to
                  | 0.29-a0-845-g6161e89988
  4406 | D:5      | Entered Level 5 of the Dungeon
  4651 | D:5      | Noticed an ogre
  4657 | D:5      | Learned a level 2 spell: Wereblood
  4661 | D:5      | Learned a level 3 spell: Spider Form
  4803 | D:5      | Killed an ogre
  4804 | D:5      | Reached XP level 6. HP: 42/42 MP: 6/9
  5277 | D:5      | Found a hazy altar of Hepliaklqana.
  5843 | D:5      | Noticed Grinder
  5985 | D:5      | Reached XP level 7. HP: 39/47 MP: 3/10
  6274 | D:6      | Reached skill level 5 in Unarmed Combat
  6384 | D:6      | Reached * piety under Cheibriados
  7378 | D:6      | Reached skill level 5 in Dodging
  7378 | D:6      | Reached skill level 1 in Ice Magic
  7612 | D:6      | Reached XP level 8. HP: 51/54 MP: 8/11
  7735 | D:6      | Learned a level 4 spell: Ice Form
  9201 | D:7      | Found an opulent altar of Gozag.
  9203 | D:7      | Found a shimmering blue altar of Sif Muna.
  9237 | D:7      | Found Haun's Magic Scroll Boutique.
  9273 | D:7      | Bought a scroll of identify for 24 gold pieces
  9273 | D:7      | Bought a scroll of identify for 24 gold pieces
  9273 | D:7      | Bought a scroll of identify for 24 gold pieces
  9273 | D:7      | Bought a scroll of identify for 24 gold pieces
  9547 | D:7      | Reached skill level 5 in Fighting
 10585 | D:7      | You are sucked into a shaft and drop 2 floors!
 10662 | D:9      | Found Lalaj's Antique Armour Emporium.
 10700 | D:9      | Noticed a shadow
 10706 | D:9      | Killed a shadow
 10707 | D:9      | Reached XP level 9. HP: 61/61 MP: 12/12
 10764 | D:9      | Noticed a hornet
 10820 | D:8      | Noticed Psyche
 10902 | D:9      | Reached ** piety under Cheibriados
 10903 | D:9      | Reached skill level 5 in Transmutations
 11240 | D:9      | Reached skill level 5 in Ice Magic
 11316 | D:9      | Killed a hornet
 11632 | D:9      | Reached XP level 10. HP: 66/68 MP: 10/13
 11719 | D:9      | Noticed Erica
 11729 | D:9      | Killed Erica
 11732 | D:9      | Noticed Erolcha
 12165 | D:8      | Found Pinat's Armour Shoppe.
 12227 | D:8      | Killed Psyche
 12228 | D:8      | Reached skill level 1 in Invocations
 12267 | D:8      | Reached *** piety under Cheibriados
 12335 | D:8      | Reached skill level 2 in Invocations
 12530 | D:8      | Found a staircase to the Lair.
 13108 | D:8      | Reached skill level 3 in Invocations
 13183 | D:8      | Found a large runed translucent door.
 13184 | D:8      | Found a large runed translucent door.
 13374 | Lair:1   | Entered Level 1 of the Lair of Beasts
 13689 | Lair:1   | Reached skill level 4 in Invocations
 13832 | Lair:1   | Reached **** piety under Cheibriados
 13836 | Lair:1   | Reached XP level 11. HP: 75/75 MP: 10/14
 14163 | Lair:1   | Reached skill level 5 in Invocations
 15100 | Lair:2   | Reached skill level 6 in Invocations
 15112 | Lair:2   | Reached ***** piety under Cheibriados
 15407 | Lair:2   | Noticed an eight-headed hydra
 16081 | Lair:2   | Killed an eight-headed hydra
 16082 | Lair:2   | Reached skill level 7 in Invocations
 16290 | Lair:2   | Identified the +5 chain mail of the Present {Rampage Str+3}
 16365 | Lair:2   | Identified the +6 trident of Abomination {vorpal, rPois
                  | Str-2 Int+8}
 16422 | Lair:2   | Noticed a catoblepas
 16443 | Lair:2   | Found a hide-covered altar of Uskayaw.
 16533 | Lair:2   | Reached XP level 12. HP: 84/84 MP: 12/17
 16641 | Lair:2   | Noticed a seven-headed hydra
 16704 | Lair:2   | Found a staircase to the Snake Pit.
 16850 | Lair:2   | Found a transporter.
 16883 | Lair:2   | Found a transporter.
 16890 | Lair:2   | Noticed SirDiesAlot's ghost (journeyman DEEE)
 17690 | Lair:3   | Identified the +8 sling of Wizarding Peril {flame, Str+4
                  | Int+4 Dex+3}
 17829 | Lair:3   | Reached skill level 8 in Invocations
 18324 | Lair:4   | Noticed a boulder beetle
 18495 | Lair:4   | Noticed a catoblepas
 18840 | Lair:4   | Reached skill level 1 in Conjurations
 19268 | Lair:5   | Noticed a death yak
 19361 | Lair:5   | Noticed a death yak
 19361 | Lair:5   | Noticed a death yak
 19361 | Lair:5   | Noticed a death yak
 19372 | Lair:5   | Killed a death yak
 19373 | Lair:5   | Killed a death yak
 19374 | Lair:5   | Reached skill level 10 in Transmutations
 19374 | Lair:5   | Killed a death yak
 19551 | Lair:5   | Noticed a six-headed hydra
 20040 | Lair:5   | Reached skill level 9 in Invocations
 20216 | Lair:5   | Noticed a death yak
 20216 | Lair:5   | Noticed a death yak
 20712 | Lair:5   | Noticed a death yak
 20776 | Lair:5   | Noticed a six-headed hydra
 20805 | Lair:6   | Entered Level 6 of the Lair of Beasts
 20812 | Lair:6   | Noticed a seven-headed hydra
 20963 | Lair:5   | Killed a six-headed hydra
 20964 | Lair:5   | Reached XP level 13. HP: 57/90 MP: 16/20
 21425 | Lair:5   | Reached skill level 10 in Invocations
 23064 | Lair:5   | Identified a scroll of acquirement
 23066 | Lair:5   | Acquired 855 gold pieces
 23110 | Lair:5   | Learned a level 5 spell: Irradiate
 23457 | Lair:6   | Found a viscous altar of Jiyva.
 23457 | Lair:6   | Found a staircase to the Slime Pits.
 24368 | Lair:5   | Reached skill level 10 in Unarmed Combat
 24370 | Lair:5   | Reached skill level 10 in Fighting
 24373 | Lair:5   | Reached skill level 10 in Dodging
 24381 | Lair:5   | Reached skill level 11 in Invocations
 24865 | D:9      | Killed Erolcha
 25067 | D:10     | Entered Level 10 of the Dungeon
 25872 | D:8      | Found a basalt altar of Yredelemnul.
 25877 | D:8      | Found a glowing silver altar of Zin.
 26166 | D:10     | Reached skill level 5 in Conjurations
 26382 | D:10     | Identified the +10 quarterstaff "Quhuh" {drain, rPois rC+
                  | rN+}
 27843 | D:11     | Reached XP level 14. HP: 99/99 MP: 17/22
 28822 | D:12     | Found a staircase to the Orcish Mines.
 29056 | D:12     | Reached skill level 12 in Invocations
 30105 | D:13     | Mangled by a red ugly thing

Illustrated notes

Levels and vault maps discovered:
D:1:      mainiacjoe_arrival_reflecting_pool, layout_loops_ring,
          chequers_ecumenical_altar_island
D:2:      layout_loops_corners
D:3:      layout_basic, kennysheep_big_empty_room, minmay_misc_feat_nine_boxes,
          roderic_serpentine_path
D:4:      layout_basic, minmay_temple_entry_large_hall
D:5:      minmay_chambers_of_fours, layout_loops_ring, kennysheep_mini,
          uniq_grinder
D:6:      layout_layer_cave
D:7:      layout_loops_ring, mainiacjoe_overflow_divided_tiny, serial_shops,
          shop_scrolls
D:8:      layout_basic, jmf_multi_god_temple2, lair_entry_dummy, serial_shops,
          nicolae_diamond_shop, uniq_psyche
D:9:      layout_roguey, serial_shops, nicolae_diamond_shop,
          grunt_ministairs_14, grunt_decor_junction, uniq_erolcha, uniq_erica
D:10:     layout_roguey, amcnicky_mini_pool_small, minmay_between
D:11:     layout_irregular_city
D:12:     evilmike_diamond_2, layout_irregular_city, orc_david_3
D:13:     layout_long_grid, gauntlet_entry_generic, hangedman_fish_farm
Temple:   minmay_temple_bridge_d
Lair:1:   layout_regular_city, lemuel_fruit_fields, serial_bayou_shore_a
Lair:2:   layout_roguey, palyth_hydra_swamp_entry, guppyfry_snake_entry_garden,
          portal_ice_cave_entry_imps, gammafunk_ghost_berserking_beasts,
          basic_altar, st_stairs_12, beast_lair_carwin_7, serial_bayou_shore_b
Lair:3:   layout_cellular_growth
Lair:4:   layout_small_grid
Lair:5:   layout_hall_layers
Lair:6:   hellmonk_lair_end_abyssal_woods, layout_layer_cave, slime_entry_1,
          st_stairs_10, minmay_lair_oklob_items

Skill      XL: |  1  2  3  4  5  6  7  8  9 10 11 12 13 14 |
---------------+-------------------------------------------+-----
Stealth        | 1 2 |  2.0
Poison Magic   | 1 |  1.0
Fighting       | 2 3 4 5 6 7 8 9 10 | 10.7
Dodging        | 3 4 5 6 7 8 9 10 | 10.6
Unarmed Combat | 4 5 6 7 8 9 10 | 10.6
Ice Magic      | 1 3 5 6 |  6.0
Transmutations | 4 6 7 9 10 | 10.6
Invocations    | 4 7 9 11 12 | 12.2
Conjurations   | 3 5 |  5.0
Spellcasting   | |  2.0

Action                   |  1- 3 |  4- 6 |  7- 9 | 10-12 | 13-15 || total
-------------------------+-------+-------+-------+-------+-------++-------
Melee: Unarmed           |    83 |   124 |   230 |   446 |   302 ||  1185
       Constrict         |    30 |    24 |     8 |       |     1 ||    63
       Kick              |    26 |    24 |     5 |       |       ||    55
       Tentacles         |     9 |    16 |     6 |       |     2 ||    33
       Punch             |     1 |       |     3 |       |     1 ||     5
 Cast: Beastly Appendage |    31 |    29 |     8 |       |       ||    68
       Spider Form       |       |     8 |    22 |       |       ||    30
       Ice Form          |       |       |    11 |    86 |    61 ||   158
       Wereblood         |       |       |       |     5 |     3 ||     8
       Irradiate         |       |       |       |       |     9 ||     9
Invok: Slouch            |       |       |       |     6 |     5 ||    11
Evoke: Wand              |       |     3 |     2 |       |     8 ||    13
  Use: Scroll            |       |     4 |    11 |    19 |    12 ||    46
       Potion            |       |       |     3 |     6 |     2 ||    11
 Stab: Sleeping          |     7 |     5 |     4 |     4 |     2 ||    22
Armor: Skin              |     4 |     5 |    20 |   137 |    63 ||   229
Dodge: Dodged            |    34 |    91 |   210 |   397 |   266 ||   998

Table legend: (Time is in decaauts)
 A = Elapsed time spent in this place.
 B = Non-inter-level travel time spent in this place.
 C = Inter-level travel time spent in this place.
 D = Time resting spent in this place.
 E = Time spent auto-exploring this place.
 F = Levels seen in this place.
 G = Mean time per level.
                   A        B        C        D        E       F      G
               +--------+--------+--------+--------+--------+-----+--------+
         Total |  37560 |  35242 |   2318 |   4723 |  25580 |  20 | 1878.0 |
       Dungeon |  22382 |  20896 |   1486 |   2956 |  14685 |  13 | 1721.7 |
        Temple |    386 |    224 |    162 |      0 |    212 |   1 |  386.0 |
          Lair |  14791 |  14122 |    669 |   1766 |  10683 |   6 | 2465.2 |
               +--------+--------+--------+--------+--------+-----+--------+

Top non-repeatable levels by time:
  Lair:5: 4350 daAuts
  Lair:2: 3039 daAuts
     D:7: 2965 daAuts
     D:6: 2674 daAuts
     D:9: 2537 daAuts
    D:10: 2302 daAuts
  Lair:4: 2269 daAuts
     D:8: 2130 daAuts
  Lair:1: 1905 daAuts
     D:5: 1895 daAuts
    D:11: 1810 daAuts
  Lair:6: 1658 daAuts
  Lair:3: 1567 daAuts
    D:12: 1309 daAuts
     D:1: 1135 daAuts
